 Dungeon Crawl Stone Soup version 0.23-a0-677-g07611c5 (webtiles) character file.

14 Amnesiac the Digger (level 2, -2/20 HPs)
             Began as a Draconian Earth Elementalist on Jan 9, 2019.
             Slain by a worker ant (5 damage)
             ... on level 3 of the Dungeon.
             The game lasted 00:01:46 (490 turns).

Amnesiac the Digger (Draconian Earth Elementalist)   Turns: 490, Time: 00:01:47

Health: -2/20      AC:  4    Str: 10    XL:     2   Next: 27%
Magic:  3/5        EV: 12    Int: 15    God:
Gold:   45         SH:  0    Dex: 11    Spells: 2/5 levels left

rFire    . . .     SeeInvis .   a - +0 quarterstaff
rCold    . . .     Gourm    .   (shield currently unavailable)
rNeg     . . .     Faith    .   (armour unavailable)
rPois    .         Spirit   .   (helmet restricted)
rElec    .         Reflect  .   (no cloak)
rCorr    .         Harm     .   (no gloves)
MR       .....                  (no boots)
Stlth    ++........             (no amulet)
HPRegen  0.06/turn              (no ring)
MPRegen  0.09/turn              (no ring)

@: lethally poisoned (-2 -> -11)
A: unfitting armour, cold-blooded, AC +4
a: no special abilities


You were on level 3 of the Dungeon.
You were not hungry.

You visited 1 branch of the dungeon, and saw 3 of its levels.

You collected 45 gold pieces.

Inventory:

Hand Weapons
 a - a +0 quarterstaff (weapon)
Missiles
 b - 43 stones (quivered)
Jewellery
 i - an uncursed ring of fire {unknown}
Scrolls
 d - a scroll of remove curse {!r, unknown}
 e - a scroll of fog {!r, unknown}
 f - a scroll of teleportation {!r, unknown}
 j - a scroll of identify {!r, unknown}
Potions
 h - a potion of curing {!q, unknown}
Comestibles
 c - a ration
 g - a chunk of flesh


   Skills:
 - Level 1.7 Dodging
 - Level 1.7 Stealth
 + Level 2.2 Spellcasting
 - Level 1.0 Transmutations
 * Level 3.5 Earth Magic


You had 2 spell levels left.
You knew the following spells:

 Your Spells              Type           Power        Failure   Level  Hunger
a - Sandblast             Erth           ##....       4%          1    #......
b - Passwall              Tmut/Erth      #.......     13%         2    ###....

Your spell library contained the following spells:

 Spells                   Type           Power        Failure   Level  Hunger
 Stone Arrow              Conj/Erth      #.....       30%         3    ###....
 Petrify                  Tmut/Erth      #.......     63%         4    #####..
 Lee's Rapid Deconstruct  Erth           ##........   80%         5    ######.


Dungeon Overview and Level Annotations

Branches:
Dungeon (3/15)

Altars:
Elyvilon
Fedhas
Wu Jian


Innate Abilities, Weirdness & Mutations

Your plain brown scales are hard. (AC +4)
You cannot fit into any form of body armour.
You are cold-blooded and may be slowed by cold attacks.


Message History

You miss the bat. You tail-slap the bat.
The bat is severely wounded.
The bat barely misses you.
You swing at nothing.
The bat hits you.
You swing at nothing.
The bat closely misses you. The bat barely misses you.
You hit the bat but do no damage.
The bat is severely wounded.
The bat barely misses you. The bat hits you but does no damage.
You miss the bat.
The bat is severely wounded.
The bat misses you. The bat closely misses you. x2
You hit the bat.
You kill the bat!
You swing at nothing.
You swing at nothing.
You swing at nothing.
You swing at nothing.
You swing at nothing.
You swing at nothing.
You swing at nothing.
You swing at nothing.
You swing at nothing.
You swing at nothing.
You swing at nothing.
You swing at nothing.
You swing at nothing.
You swing at nothing.
You swing at nothing.
The worker ant twitches its antennae in your direction.
Found a leather armour.
You miss the frilled lizard.
The frilled lizard bites you but does no damage.
The frilled lizard closely misses you.
You closely miss the frilled lizard. The frilled lizard closely misses you.
You barely miss the frilled lizard.
The worker ant waves its antennae.
The frilled lizard bites you.
You hit the frilled lizard but do no damage.
The frilled lizard barely misses you.
You barely miss the frilled lizard.
The frilled lizard barely misses you. x2
You barely miss the frilled lizard. The frilled lizard bites you.
You hit the frilled lizard but do no damage.
The worker ant waves its antennae.
The frilled lizard barely misses you.
You hit the frilled lizard.
You kill the frilled lizard!
You hit the worker ant.
The worker ant is lightly wounded.
The worker ant bites you. The worker ant closely misses you.
Casting: Sandblast (safe; 4% risk of failure)
Confirm with . or Enter, or press ? or * to list all spells.
Aiming: Passwall (safe; 13% risk of failure)
Press: ? - help, Dir - move target cursor A rock wall.
The worker ant closely misses you.
You begin to meditate on the wall.
You continue meditating on the rock.
The worker ant bites you.
You are poisoned.
The worker ant poisons you! The worker ant bites you!
* * * LOW HITPOINT WARNING * * *
You continue meditating on the rock.
* * * LOW HITPOINT WARNING * * *
You feel sick. The worker ant bites you.
You die...

#...# #...# ##...##
### #.w...####.#
......##.#....#
##### #.#....#
#.#.>..#########
#.a.............
##.@.......gr...
######.###########
#<.....#8#_#####.##
###....8.#.#.#.#.8#
#.##...........#
#..............##
#.##.8.#.#.#.#..#
#....#.#_#.#_####
####.############.


You could see a worker ant.

Vanquished Creatures
  A dart slug (D:2)
  2 bats
  3 giant cockroaches (D:2)
  A goblin (D:2)
  A frilled lizard (D:3)
  2 kobolds (D:2)
  2 rats (D:2)
12 creatures vanquished.

Notes
Turn   | Place    | Note
-------+----------+-------------------------------------------
     0 | D:1      | Amnesiac the Draconian Earth Elementalist began the quest
                  | for the Orb.
     0 | D:1      | Reached XP level 1. HP: 14/14 MP: 3/3
    62 | D:2      | Found a faded altar of an unknown god.
   214 | D:2      | Reached XP level 2. HP: 12/20 MP: 5/5
   294 | D:2      | Learned a level 2 spell: Passwall
   393 | D:3      | Found a white marble altar of Elyvilon.
   398 | D:3      | Found an ornate altar of the Wu Jian Council.
   402 | D:3      | Found a blossoming altar of Fedhas.
   490 | D:3      | Slain by a worker ant

Vault maps used:
D:1:      dpeg_arrival_boxorama, minmay_pentomino_u4
D:2:      chequers_temple_overflow_statue_of_worship,
          chequers_ecumenical_altar_simple
D:3:      minitemple, grunt_ministairs_6, uniq_robin, uniq_sigmund,
          uniq_crazy_yiuf_cottage

Action                   || total
-------------------------++-------
Melee: Quarterstaff      ||    40
       Tailslap          ||     4
 Cast: Sandblast         ||     2
       Passwall          ||     1
Armor: Skin              ||     9
Dodge: Dodged            ||    40

Table legend:
 A = Non-vault XP
 B = Vault XP
 C = Vault XP percentage of total XP
 D = Non-vault monster count
 E = Vault monster count
 F = Vault count percentage of total count
                 A         B        C        D         E       F
            +---------+---------+-------+---------+---------+-------
      Total |      19 |       1 |   5.0 |      11 |       1 |   8.3
            +---------+---------+-------+---------+---------+-------
        D:2 |      18 |       0 |   0.0 |      10 |       0 |   0.0
        D:3 |       1 |       1 |  50.0 |       1 |       1 |  50.0
            +---------+---------+-------+---------+---------+-------
